 Dungeon Crawl Stone Soup version 0.28.0-45-g0d030f2227 (webtiles) character file.

Game seed: 8126229136829405628

626 MeArio the Covered (level 7, -15/62 HPs)
             Began as a Minotaur Fighter on Apr 13, 2022.
             Demolished by an ogre
             ... wielding a +0 giant spiked club
              (25 damage)
             ... on level 5 of the Dungeon.
             The game lasted 00:10:21 (4219 turns).

MeArio the Covered (Minotaur Fighter)               Turns: 4219, Time: 00:10:22

Health: -15/62     AC: 10    Str: 23    XL:     7   Next: 23%
Magic:  6/6        EV:  9    Int:  5    God:
Gold:   160        SH:  6    Dex:  9    Spells: 6/6 levels left

rFire   . . .      SeeInvis .   a - +0 long sword
rCold   . . .      Faith    .   c - +1 buckler
rNeg    . . .      Spirit   .   b - +0 scale mail
rPois   .          Reflect  .   (helmet restricted)
rElec   .          Harm     .   u - +0 cloak
rCorr   .          Rampage  .   r - +0 pair of gloves
Will    .....                   (no boots)
Stlth   ..........              (no amulet)
HPRegen 0.20/turn               (no ring)
MPRegen 0.10/turn               (no ring)

@: no status effects
A: horns 2, retaliatory headbutt
a: no special abilities


You were on level 5 of the Dungeon.
You visited 1 branch of the dungeon, and saw 5 of its levels.

You collected 160 gold pieces.

Inventory:

Hand Weapons
 a - a +0 long sword (weapon)
 j - a +3 antimagic halberd
 t - a +4 quarterstaff of chaos
Missiles
 h - 7 poisoned darts (quivered)
Armour
 b - a +0 scale mail (worn)
 c - a +1 buckler (worn)
 r - a +0 pair of gloves (worn)
 u - a +0 cloak (worn)
Jewellery
 k - an amulet of faith
Wands
 d - a wand of polymorph (8)
 m - a wand of iceblast (21)
 n - a wand of acid (7)
Scrolls
 l - 3 scrolls of identify
Potions
 e - 3 potions of brilliance
 f - a potion of lignification {unknown}
 g - 3 potions of attraction {unknown}
 i - a potion of curing {unknown}
 o - a potion of heal wounds {unknown}
 p - a potion of cancellation {unknown}
 s - a potion of flight {unknown}


   Skills:
 + Level 5.9 Fighting
 + Level 5.2 Long Blades
 + Level 6.0 Armour
 + Level 5.9 Shields


You had 6 spell levels left.
You didn't know any spells.
Your spell library contained the following spells:

 Spells                   Type           Power      Damage    Failure   Level
 Confusing Touch          Hex            0%         N/A       99%         3
 Tukima's Dance           Hex            0%         N/A       99%         3
 Anguish                  Hex/Necr       0%         N/A       100%        4
 Passage of Golubria      Tloc           0%         N/A       100%        4
 Yara's Violent Unravell  Hex/Tmut       0%         3d3       100%        5
 Enfeeble                 Hex            0%         N/A       100%        7


Dungeon Overview and Level Annotations

Branches:
Dungeon (5/15)
 Temple: D:4-7

Altars:
Okawaru


Innate Abilities, Weirdness & Mutations

You have a pair of horns on your head.
You reflexively headbutt those who attack you in melee.


Message History

You kill Ijyb!
Your Armour skill increases to level 6!
m - a wand of iceblast (21) (gained 12 charges)
p - a golden potion
Things that are here:
a +0 club; a +0 scale mail
Things that are here:
an orb of energy; a +0 club; a +0 robe Done exploring.
Done exploring.
Done exploring.
(D) Dungeon
Where to? (Enter - D:4, ? - help)
What level of the Dungeon? (default 1, ? - help)
There is a stone staircase leading down here.
You climb downwards.
Found a stone staircase leading down.
There is a stone staircase leading up here.
Okay, then.
Okay, then.
Okay, then.
Unknown command.
An ogre comes into view. It is wielding a +0 giant spiked club.
The ogre shouts!
The ogre hits you with a +0 giant spiked club!
You hit the ogre but do no damage.
The ogre hits you with a +0 giant spiked club!
You hit the ogre. Your headbutt misses the ogre.
The ogre is lightly wounded.
You slash the ogre!
The ogre is heavily wounded.
The ogre hits you with a +0 giant spiked club!!
* * * LOW HITPOINT WARNING * * *
You hit the ogre but do no damage.
The ogre is heavily wounded.
You block the ogre's attack.
You slash the ogre!
The ogre is severely wounded.
The ogre hits you with a +0 giant spiked club!!
You die...

#... #.
#...###.
.###......#
..........#
#.........##
.......>...##
............##
#.O@....<#
##......##
#.......#
#..##...# #..#
###.# #.# ###
#. #.


You could see an ogre.

Vanquished Creatures
  Duvessa (D:4)
  2 ogres (D:4)
  Blork the orc (D:4)
  Dowan (D:4)
  A howler monkey (D:3)
  A jelly (D:4)
  Crazy Yiuf (D:3)
  Ijyb (D:4)
  A gnoll (D:4)
  3 adders
  3 worms
  3 dart slugs
  An orc (D:2)
  7 ball pythons
  10 endoplasms
  10 giant cockroaches
  6 goblins
  3 hobgoblins
  2 jackals (D:1)
  5 quokkas
  4 bats
  2 frilled lizards
  4 kobolds
  4 rats
77 creatures vanquished.

Notes
Turn   | Place    | Note
-------+----------+-------------------------------------------
     0 | D:1      | MeArio the Minotaur Fighter began the quest for the Orb.
     0 | D:1      | Reached XP level 1. HP: 19/19 MP: 0/0
   291 | D:1      | You fall into a shaft and drop 1 floor!
   295 | D:2      | Reached XP level 2. HP: 27/27 MP: 1/1
   421 | D:1      | Reached skill level 4 in Armour
   820 | D:1      | Reached XP level 3. HP: 30/33 MP: 2/2
  1397 | D:2      | Reached XP level 4. HP: 40/40 MP: 3/3
  1526 | D:2      | Found a faded altar of an unknown god.
  2258 | D:3      | Reached XP level 5. HP: 47/47 MP: 4/4
  2486 | D:3      | Found a runed translucent door.
  2487 | D:3      | Noticed Crazy Yiuf
  2824 | D:3      | Killed Crazy Yiuf
  3049 | D:4      | Noticed Dowan
  3049 | D:4      | Noticed Duvessa
  3062 | D:4      | Killed Duvessa
  3063 | D:4      | Reached skill level 5 in Fighting
  3063 | D:4      | Reached skill level 5 in Armour
  3063 | D:4      | Reached skill level 5 in Shields
  3063 | D:4      | Reached XP level 6. HP: 28/56 MP: 5/5
  3072 | D:4      | Killed Dowan
  3280 | D:4      | Found an iron altar of Okawaru.
  3353 | D:4      | Noticed Blork the orc
  3364 | D:4      | Killed Blork the orc
  3755 | D:4      | Reached skill level 5 in Long Blades
  3856 | D:4      | Reached XP level 7. HP: 37/62 MP: 6/6
  4075 | D:4      | Noticed Ijyb
  4098 | D:4      | Killed Ijyb
  4099 | D:4      | Reached skill level 6 in Armour
  4208 | D:5      | Entered Level 5 of the Dungeon
  4219 | D:5      | Demolished by an ogre

Illustrated notes

Levels and vault maps discovered:
D:1:      sevenhm_arrival_forest_fort_large_4, layout_loops_corners,
          due_unseen_surprise
D:2:      layout_basic, dreamdust_ecumenical_altar_statues
D:3:      layout_rooms, uniq_crazy_yiuf_cottage
D:4:      layout_loops_ring, lemuel_coloured_pillars_altar, minmay_diced_spiral,
          uniq_ijyb, uniq_duvessa, uniq_blork_the_orc
D:5:      layout_layer_cave, minmay_temple_entry_arrows, gammafunk_ghost_grave

Skill      XL: |  1  2  3  4  5  6  7 |
---------------+----------------------+-----
Armour         | 4 5 6 |  6.0
Fighting       | 4 5 |  5.9
Shields        | 4 5 |  5.9
Long Blades    | 3 4 5 |  5.2

Action                   |  1- 3 |  4- 6 |  7- 9 || total
-------------------------+-------+-------+-------++-------
Melee: Long sword        |    79 |    97 |    14 ||   190
       Headbutt          |     8 |    19 |       ||    27
  Use: Scroll            |       |     7 |       ||     7
       Potion            |       |     1 |       ||     1
Armor: Scale mail        |    28 |    20 |     5 ||    53
Dodge: Dodged            |    35 |    38 |     1 ||    74
Block: Buckler           |    16 |    20 |     3 ||    39
